 Dungeon Crawl Stone Soup version 0.17-a0-1409-ge6d9485 (webtiles) character file.

20 urechis the Poker (level 2, -3/22 HPs)
             Began as a Merfolk Skald on June 22, 2015.
             Was a Follower of Makhleb.
             Slain by Terence
             ... wielding a +0 hand axe
              (9 damage)
             ... on level 2 of the Dungeon.
             The game lasted 00:01:13 (1011 turns).

urechis the Poker (Merfolk Skald)                   Turns: 1011, Time: 00:01:14

Health: -3/22      AC:  3    Str: 12    XL:     2   Next: 79%
Magic:  5/5        EV: 11    Int: 11    God:    Makhleb [*.....]
Gold:   46         SH:  0    Dex: 13    Spells: 1 memorised, 4 levels left

rFire  . . .     SeeInvis .     a - +0 spear
rCold  . . .     Clarity  .     b - +0 leather armour
rNeg   . . .     SustAt   .     (no shield)
rPois  .         Gourm    .     (no helmet)
rElec  .         Spirit   .     (no cloak)
rCorr  .         Warding  .     (no gloves)
rMut   .         Stasis   .     (no boots)
MR     .....                    (no amulet)
Stlth  +.........               (no ring)
                                k - ring of flight

@: not resistant to hostile enchantments, very unstealthy
A: change form in water, swift swim
a: Renounce Religion, Evoke Flight


You were on level 2 of the Dungeon.
You worshipped Makhleb.
Makhleb was aware of your devotion.
You were not hungry.

You visited 1 branch of the dungeon, and saw 2 of its levels.

You collected 46 gold pieces.

Inventory:

Hand weapons
 a - a +0 spear (weapon)
Armour
 b - a +0 leather armour (worn)
Jewellery
 g - an uncursed ring of see invisible {unknown}
 k - a ring of flight (left hand)
Magical devices
 l - a wand of random effects (18)
Scrolls
 e - a scroll of enchant armour {unknown}
 i - a scroll of teleportation {unknown}
Potions
 f - 2 potions of might {unknown}
 h - 3 potions of heal wounds {unknown}
 m - a potion of flight {unknown}
Books
 c - a book of Battle

   Spells                             Type                      Level
   a - Infusion                       Charms                       1
   b - Shroud of Golubria             Charms/Translocation         2
   c - Song of Slaying                Charms                       2
   d - Spectral Weapon                Hexes/Charms                 3
   e - Regeneration                   Charms/Necromancy            3
Comestibles
 d - 2 bread rations
 j - 5 fruits


   Skills:
 - Level 2.1 Fighting
 + Level 4.8 Polearms
 - Level 0.6 Armour
 - Level 1.3 Dodging
 - Level 2.0 Spellcasting
 - Level 3.2 Charms


You had 4 spell levels left.
You knew the following spells:

 Your Spells              Type           Power        Failure   Level  Hunger
a - Infusion              Chrm           #.....       12%         1    ##.....


Dungeon Overview and Level Annotations

Branches:
Dungeon (2/15)

Altars:
Fedhas
Makhleb
Nemelex Xobeh

Annotations:
D:2 Terence


Message History

You are too injured to fight recklessly!
You are too injured to fight recklessly!
You are too injured to fight recklessly!
You are too injured to fight recklessly!
You are too injured to fight recklessly!
You are too injured to fight recklessly!
You are too injured to fight recklessly!
The rat misses you.
You closely miss Terence.
Terence is heavily wounded.
Terence misses you. The rat bites you but does no damage.
You hit Terence but do no damage.
Terence is heavily wounded.
You barely miss Terence.
Terence is heavily wounded.
Terence closely misses you. The rat closely misses you.
You hit Terence but do no damage.
Terence is heavily wounded.
The rat bites you but does no damage. Terence hits you with a hand axe!
You die...

#.#..##
#.####### ..
♣.♣♣♣# #.# ...
♣♣..♣♣ #.# #.#
♣♣..♣ ..#
#..### ♣♣.P♣
..# #..#.♣♣..P♣
...#
##...♣.♣♣♣♣
##..
##....♣♣..♣♣ ..
#.....@♣♣♣.♣.#
.#.#..r@!.....#
..............#
.............##
...........%..#
..............#
..............#
......?.......#
.♣P♣..........#


You could see Terence and a rat.

Vanquished Creatures
  3 bats
  A giant cockroach (D:1)
  2 goblins (D:1)
  2 hobgoblins
  3 kobolds
  2 quokkas (D:2)
  A giant newt (D:2)
  4 rats
18 creatures vanquished.

Notes
Turn   | Place    | Note
--------------------------------------------------------------
     0 | D:1      | urechis the Merfolk Skald began the quest for the Orb.
     0 | D:1      | Reached XP level 1. HP: 16/16 MP: 3/3
   422 | D:1      | Reached skill level 4 in Polearms
   422 | D:1      | Reached XP level 2. HP: 20/22 MP: 5/5
   792 | D:2      | Found a blossoming altar of Fedhas.
   869 | D:2      | Found a sparkling altar of Nemelex Xobeh.
   900 | D:2      | Found a faded altar to an unknown god.
   939 | D:2      | Became a worshipper of Makhleb the Destroyer
   939 | D:2      | Acquired Makhleb's first power
   986 | D:2      | Noticed Terence
  1011 | D:2      | Slain by Terence

Vault maps used:
D:1:      elethiomel_arrival_quiet, serial_glass, glass_columns_c,
          glass_columns_c, glass_columns_c, glass_columns_a, glass_columns_a,
          glass_columns_a
D:2:      lemuel_crystal_altar, nicolae_overflow_hidden_temple,
          ecumenical_altar_2, serial_forest, infiniplex_forest_zigzag_2,
          infiniplex_forest_clump_tiny, infiniplex_forest_clump_long,
          infiniplex_forest_corner_1, infiniplex_forest_end_1,
          infiniplex_forest_clump_cross, infiniplex_forest_clump_long,
          serial_bayou_pond_e, hex_large, st_stairs_9, uniq_terence

Action                   || total
-------------------------++-------
Melee: Spear             ||    75
